[Event "Romanian Superliga Women 2024"]
[Site "Mamaia"]
[Date "2024.10.01"]
[Round "2.1"]
[White "Atalik, Ekaterina"]
[Black "Semenova, Vasylyna"]
[Result "1-0"]
[ECO "D35"]
[WhiteElo "2381"]
[BlackElo "1887"]
[Annotator "RC"]
[PlyCount "59"]
[EventDate "2024.09.26"]
[EventType "team-tourn"]
[EventCountry "ROU"]
[SourceTitle "playchess.com"]
[Source "ChessBase"]
[SourceQuality "1"]
[TimeControl "40/5400+30:1800+30"]

1. d4 d5 2. c4 e6 3. Nc3 Nf6 4. cxd5 exd5 5. Bg5 Be7 6. e3 c6 7. Bd3 O-O 8. h3 Re8 9. Bf4 Bd6 10. Qf3 Bxf4 11. Qxf4 b6 12. Nf3 Bb7 13. O-O-O c5 14. g4 c4 15. Bc2 a6 16. Ne5 Qe7 17. g5 Nfd7 18. Ng4 Nf8 19. Nf6+ Kh8 20. Nxe8 Qxe8 21. e4 dxe4 22. d5 Nbd7 23. Nxe4 Ng6 24. Qc7 Qc8 25. Qxc8+ Rxc8 26. Nd6 Rc7 27. Rhe1 Kg8 28. Bxg6 fxg6 29. Re8+ Nf8 30. Rb8 1-0

[Event "Romanian Superliga Women 2024"]
[Site "Mamaia"]
[Date "2024.10.01"]
[Round "2.2"]
[White "Sunea, Sara Maria"]
[Black "Cosma, Elena-Luminita"]
[Result "0-1"]
[ECO "D05"]
[WhiteElo "1871"]
[BlackElo "2226"]
[Annotator "RC"]
[PlyCount "86"]
[EventDate "2024.09.26"]
[EventType "team-tourn"]
[EventCountry "ROU"]
[SourceTitle "playchess.com"]
[Source "ChessBase"]
[SourceQuality "1"]
[TimeControl "40/5400+30:1800+30"]

1. d4 d5 2. Nf3 Nf6 3. e3 e6 4. Bd3 c5 5. O-O Nc6 6. b3 Bd6 7. Bb2 O-O 8. Nbd2 cxd4 9. exd4 b6 10. a3 Bb7 11. c4 Rc8 12. Qe2 Ne7 13. Rac1 Ng6 14. g3 Qe7 15. a4 Rfd8 16. Rfd1 Ba8 17. Bc3 Bb4 18. Bxb4 Qxb4 19. Ra1 a5 20. h4 Qe7 21. Rac1 Qb4 22. Ra1 Bb7 23. Rdc1 Ne7 24. Qe3 h6 25. Ne5 Nc6 26. Ndf3 Nxe5 27. Nxe5 dxc4 28. bxc4 Qd6 29. Rd1 Nd7 30. f3 Nxe5 31. dxe5 Qc5 32. Kf2 Bc6 33. Qxc5 bxc5 34. Bc2 Kf8 35. Ke3 Ke7 36. Rxd8 Kxd8 37. Rb1 Kc7 38. Be4 Rd8 39. Bd3 Bxf3 40. Rb5 Bc6 41. Rb1 f5 42. Rb2 Rd4 43. Rb1 Rxd3+ 0-1

[Event "Romanian Superliga Women 2024"]
[Site "Mamaia"]
[Date "2024.10.01"]
[Round "2.3"]
[White "Ciolacu, Alessia-Mihaela"]
[Black "Bitca, Emilia"]
[Result "1-0"]
[ECO "D10"]
[WhiteElo "2160"]
[BlackElo "1865"]
[Annotator "RC"]
[PlyCount "89"]
[EventDate "2024.09.26"]
[EventType "team-tourn"]
[EventCountry "ROU"]
[SourceTitle "playchess.com"]
[Source "ChessBase"]
[SourceQuality "1"]
[TimeControl "40/5400+30:1800+30"]

1. d4 d5 2. c4 c6 3. Nc3 Nf6 4. e3 Bf5 5. cxd5 cxd5 6. Qb3 Qd7 7. Nf3 e6 8. Bb5 Nc6 9. Ne5 Qc7 10. Qa4 Rc8 11. Qxa7 Bd6 12. Nxc6 bxc6 13. Qxc7 Rxc7 14. Be2 O-O 15. O-O Rb8 16. a3 Ra7 17. f3 h5 18. Ra2 Rba8 19. Bd2 Be7 20. Rc1 Nd7 21. e4 Bg6 22. Be3 Ra5 23. exd5 cxd5 24. Nb5 Rd8 25. Rc7 Bf8 26. Ra1 Nb6 27. b3 Rc8 28. Rxc8 Nxc8 29. Rc1 Nd6 30. a4 Nf5 31. Bd2 Ra8 32. a5 Be7 33. g4 hxg4 34. fxg4 Nh4 35. Rc6 Be4 36. Kf2 Ng6 37. g5 e5 38. b4 Nf4 39. Bxf4 exf4 40. Nc7 Rc8 41. Nxd5 Rxc6 42. Nxe7+ Kf8 43. Nxc6 Bxc6 44. b5 Bd5 45. Bf3 1-0

[Event "Romanian Superliga Women 2024"]
[Site "Mamaia"]
[Date "2024.10.01"]
[Round "2.4"]
[White "Moldovan, Maia-Rut"]
[Black "Foisor, Sabina-Francesca"]
[Result "0-1"]
[ECO "B15"]
[WhiteElo "1778"]
[BlackElo "2199"]
[Annotator "RC"]
[PlyCount "82"]
[EventDate "2024.09.26"]
[EventType "team-tourn"]
[EventCountry "ROU"]
[SourceTitle "playchess.com"]
[Source "ChessBase"]
[SourceQuality "1"]
[TimeControl "40/5400+30:1800+30"]

1. e4 c6 2. d4 g6 3. Nc3 d5 4. e5 Bg7 5. h3 h5 6. Be2 b6 7. f4 e6 8. Nf3 Ne7 9. Nh4 Ba6 10. Be3 Bxe2 11. Qxe2 Nd7 12. Bf2 Bh6 13. Qf3 b5 14. g4 b4 15. Ne2 Qa5 16. O-O hxg4 17. hxg4 c5 18. c3 bxc3 19. bxc3 Rb8 20. f5 Bg5 21. fxe6 fxe6 22. Ng2 Rf8 23. Qg3 cxd4 24. cxd4 Qd2 25. Nc1 Rb2 26. Nb3 Qe2 27. Be3 Qxg2+ 28. Qxg2 Bxe3+ 29. Kh2 Bf4+ 30. Kg1 Be3+ 31. Kh2 Rxg2+ 32. Kxg2 Rxf1 33. Rxf1 Nc6 34. Rd1 Nb6 35. Rd3 Nc4 36. Kf3 Bxd4 37. Rxd4 N4xe5+ 38. Kf4 g5+ 39. Ke3 Nxd4 40. Kxd4 Nxg4 41. Nc5 Ke7 0-1

[Event "Romanian Superliga Women 2024"]
[Site "Mamaia"]
[Date "2024.10.01"]
[Round "2.5"]
[White "Tarleva, Diana"]
[Black "Raeva, Elitsa"]
[Result "0-1"]
[ECO "E64"]
[WhiteElo "2135"]
[BlackElo "2185"]
[Annotator "RC"]
[PlyCount "56"]
[EventDate "2024.09.26"]
[EventType "team-tourn"]
[EventCountry "ROU"]
[SourceTitle "playchess.com"]
[Source "ChessBase"]
[SourceQuality "1"]
[TimeControl "40/5400+30:1800+30"]

1. d4 Nf6 2. Nf3 g6 3. c4 c5 4. d5 Bg7 5. Nc3 O-O 6. g3 d6 7. Bg2 e5 8. O-O a6 9. a4 Nbd7 10. a5 Rb8 11. Qa4 h6 12. Nd2 Ne8 13. b4 e4 14. Bb2 b5 15. cxb5 axb5 16. Qb3 c4 17. Qc2 f5 18. Nd1 Ndf6 19. f3 e3 20. Nxe3 Qe7 21. Kf2 Nc7 22. Ndxc4 bxc4 23. Qxc4 Re8 24. Ra3 Ba6 25. Qb3 Kh7 26. Re1 Nb5 27. Ra2 Qa7 28. f4 Rxe3 0-1

[Event "Romanian Superliga Women 2024"]
[Site "Mamaia"]
[Date "2024.10.01"]
[Round "2.6"]
[White "Pirvulescu, Ekaterina"]
[Black "Stanciu, Andreea-Briana"]
[Result "1-0"]
[ECO "B13"]
[WhiteElo "2083"]
[BlackElo "1957"]
[Annotator "RC"]
[PlyCount "197"]
[EventDate "2024.09.26"]
[EventType "team-tourn"]
[EventCountry "ROU"]
[SourceTitle "playchess.com"]
[Source "ChessBase"]
[SourceQuality "1"]
[TimeControl "40/5400+30:1800+30"]

1. e4 c6 2. d4 d5 3. exd5 cxd5 4. Bd3 Nc6 5. c3 Qc7 6. h3 Nf6 7. Nf3 g6 8. Qc2 Bg7 9. O-O O-O 10. Re1 Nd7 11. Be3 e5 12. dxe5 Ndxe5 13. Nxe5 Nxe5 14. Bd4 Be6 15. Na3 a6 16. Qe2 Nxd3 17. Qxd3 Qf4 18. Bxg7 Kxg7 19. Nc2 Qf6 20. Nd4 Bd7 21. Rad1 Rfe8 22. Nb3 Bc6 23. Qd4 Qxd4 24. Nxd4 Rxe1+ 25. Rxe1 Re8 26. Rd1 Ba4 27. Rd2 Re1+ 28. Kh2 Kf6 29. Kg3 Ra1 30. a3 Re1 31. f3 Re7 32. Kf2 g5 33. g4 Bd7 34. Nc2 Be6 35. Ne3 Rd7 36. Rd4 Ke5 37. Nc2 f5 38. Nb4 fxg4 39. hxg4 Rc7 40. Rd1 Rf7 41. Kg3 Rd7 42. Nc2 Bf7 43. Nd4 Kf6 44. Ne2 Re7 45. Kf2 Re5 46. Ng3 Bg6 47. Rd4 b6 48. Rb4 Re6 49. Rd4 Re5 50. a4 a5 51. b4 Bc2 52. bxa5 bxa5 53. Rd2 Bxa4 54. Ra2 Be8 55. Rxa5 Bg6 56. Rc5 Re6 57. Rxd5 Rc6 58. Ne2 h5 59. gxh5 Bxh5 60. Rd3 Bg6 61. Re3 Rc4 62. Nd4 Bf7 63. Kg3 Ra4 64. Nc2 Ra2 65. Nd4 Ra1 66. Re2 Bc4 67. Re3 Rg1+ 68. Kf2 Rf1+ 69. Kg2 Rc1 70. Nc6 g4 71. Ne5 gxf3+ 72. Nxf3 Bd5 73. Kf2 Rc2+ 74. Kg3 Bxf3 75. Kxf3 Kf5 76. Kg3 Ra2 77. Kf3 Rc2 78. Rd3 Ke5 79. Ke3 Rc1 80. Kd2 Rh1 81. Kc2 Ke6 82. c4 Rh7 83. Kc3 Ra7 84. Kb4 Ke7 85. Kb5 Ra1 86. c5 Rb1+ 87. Kc6 Rh1 88. Kc7 Rc1 89. c6 Ke6 90. Kb7 Rb1+ 91. Kc8 Rc1 92. c7 Ke7 93. Re3+ Kf7 94. Re4 Rc2 95. Kd7 Rd2+ 96. Kc6 Rc2+ 97. Kd6 Rd2+ 98. Kc5 Rc2+ 99. Rc4 1-0

[Event "Romanian Superliga Women 2024"]
[Site "Mamaia"]
[Date "2024.10.01"]
[Round "2.7"]
[White "Trifoi, Mihaela-Ioana"]
[Black "Iordache, Alexia-Andreea"]
[Result "1-0"]
[ECO "B50"]
[WhiteElo "2016"]
[BlackElo "2014"]
[Annotator "RC"]
[PlyCount "121"]
[EventDate "2024.09.26"]
[EventType "team-tourn"]
[EventCountry "ROU"]
[SourceTitle "playchess.com"]
[Source "ChessBase"]
[SourceQuality "1"]
[TimeControl "40/5400+30:1800+30"]

1. e4 c5 2. Nf3 d6 3. Bb5+ Nd7 4. O-O a6 5. Bd3 Ngf6 6. Re1 g6 7. c3 Bg7 8. Bf1 O-O 9. d4 e5 10. d5 b5 11. a4 Rb8 12. b3 Ne8 13. h4 f5 14. Bg5 Ndf6 15. axb5 axb5 16. b4 fxe4 17. Rxe4 Qc7 18. Re1 c4 19. Ra5 Qf7 20. Na3 Nxd5 21. Bxc4 bxc4 22. Qxd5 Be6 23. Qd2 Bg4 24. Nh2 Bc8 25. Re4 Be6 26. Nf3 Qf5 27. Re1 d5 28. Nxc4 dxc4 29. Nxe5 Bc8 30. Nc6 Qf7 31. Re7 Bxc3 32. Rxf7 Bxd2 33. Rxf8+ Kxf8 34. Nxb8 Bxb4 35. Ra7 Bc5 36. Nd7+ Bxd7 37. Rxd7 h5 38. Kf1 c3 39. Ke2 Kg8 40. f3 Bf8 41. Kd3 Bg7 42. g4 hxg4 43. fxg4 Bf6 44. Bxf6 Nxf6 45. Rd6 Kf7 46. g5 Nh5 47. Kxc3 Ng3 48. Rf6+ Kg7 49. Kd4 Nh5 50. Rf3 Kg8 51. Ke5 Kg7 52. Ke6 Kg8 53. Rf6 Kg7 54. Ke7 Ng3 55. Rf7+ Kg8 56. Kf6 Nf5 57. Kxg6 Nxh4+ 58. Kf6 Nf5 59. Rd7 Ne3 60. Rd8+ Kh7 61. g6+ 1-0

[Event "Romanian Superliga Women 2024"]
[Site "Mamaia"]
[Date "2024.10.01"]
[Round "2.8"]
[White "Dobre, Ana-Margareta-Alexan"]
[Black "Patru, Alexandra-Ioana"]
[Result "0-1"]
[ECO "C24"]
[WhiteElo "1914"]
[BlackElo "1832"]
[Annotator "RC"]
[PlyCount "146"]
[EventDate "2024.09.26"]
[EventType "team-tourn"]
[EventCountry "ROU"]
[SourceTitle "playchess.com"]
[Source "ChessBase"]
[SourceQuality "1"]
[TimeControl "40/5400+30:1800+30"]

1. e4 e5 2. Bc4 Nf6 3. d3 c6 4. Nf3 d5 5. Bb3 a5 6. a3 Bd6 7. O-O O-O 8. Re1 dxe4 9. dxe4 Bg4 10. h3 Bh5 11. Nbd2 Qe7 12. Nf1 Rd8 13. Qe2 Na6 14. c3 Nc5 15. Bc2 Qc7 16. Ng3 Bg6 17. Nh4 Ne6 18. Nhf5 Bc5 19. Be3 Qb6 20. b4 Bxe3 21. fxe3 Rd7 22. Kh2 Rad8 23. Rad1 axb4 24. axb4 h5 25. Rxd7 Rxd7 26. Ra1 Qd8 27. Rd1 Ng5 28. Rxd7 Qxd7 29. Qd3 Qxd3 30. Bxd3 Kf8 31. h4 Ng4+ 32. Kg1 Ne6 33. Nd6 b5 34. Ngf5 Bh7 35. Be2 Nf6 36. Kf2 Nxe4+ 37. Nxe4 Bxf5 38. Ng3 Bg4 39. Nxh5 Bxe2 40. Kxe2 f5 41. Ng3 g6 42. Nf1 Nc7 43. Nd2 Nd5 44. Kd3 Kf7 45. Nb3 Kf6 46. Na5 Ne7 47. c4 Ke6 48. Nb3 Kd6 49. Nc5 bxc4+ 50. Kxc4 Nd5 51. e4 Ne3+ 52. Kc3 f4 53. Kd2 Nxg2 54. h5 gxh5 55. Ke2 h4 56. Nd3 Ne3 57. Kf2 h3 58. Kg1 Ng4 59. Ne1 Nf6 60. Kh2 Nxe4 61. Kxh3 Kd5 62. Kg4 Nd2 63. Nd3 Kd4 64. Nc5 f3 65. Kg3 e4 66. Ne6+ Ke3 67. Nf4 f2 68. Ng2+ Ke2 69. Nf4+ Kf1 70. b5 cxb5 71. Nd5 Kg1 72. Nf4 f1=Q 73. Nh3+ Qxh3+ 0-1

[Event "Romanian Superliga Women 2024"]
[Site "Mamaia"]
[Date "2024.10.01"]
[Round "2.9"]
[White "Hoanca, Alexia-Ioana"]
[Black "Sandu, Mihaela"]
[Result "1/2-1/2"]
[ECO "C91"]
[WhiteElo "1962"]
[BlackElo "2248"]
[Annotator "RC"]
[PlyCount "77"]
[EventDate "2024.09.26"]
[EventType "team-tourn"]
[EventCountry "ROU"]
[SourceTitle "playchess.com"]
[Source "ChessBase"]
[SourceQuality "1"]
[TimeControl "40/5400+30:1800+30"]

1. e4 e5 2. Nf3 Nc6 3. Bb5 a6 4. Ba4 Nf6 5. O-O Be7 6. Re1 b5 7. Bb3 d6 8. c3 O-O 9. d4 Bg4 10. Be3 exd4 11. cxd4 Na5 12. Bc2 Nc4 13. Bc1 c5 14. b3 Na5 15. Nbd2 Nc6 16. h3 Bh5 17. g4 Bg6 18. Bb2 Rc8 19. a4 cxd4 20. Nxd4 Nxd4 21. Bxd4 d5 22. Ra2 dxe4 23. Bxf6 Bxf6 24. Nxe4 Bd4 25. axb5 axb5 26. Ng3 Bxf2+ 27. Kxf2 Rxc2+ 28. Rxc2 Qxd1 29. Rxd1 Bxc2 30. Rd5 Rb8 31. b4 h6 32. Ne2 Bb3 33. Rc5 Bc4 34. Nd4 Kh7 35. Nc6 Ra8 36. Na5 Bd3 37. Rd5 Bc4 38. Rc5 Bd3 39. Rd5 1/2-1/2

[Event "Romanian Superliga Women 2024"]
[Site "Mamaia"]
[Date "2024.10.01"]
[Round "2.10"]
[White "Radeva, Viktoria"]
[Black "Batagan, Ilinca-Petra"]
[Result "1/2-1/2"]
[ECO "C48"]
[WhiteElo "2297"]
[BlackElo "1935"]
[Annotator "RC"]
[PlyCount "84"]
[EventDate "2024.09.26"]
[EventType "team-tourn"]
[EventCountry "ROU"]
[SourceTitle "playchess.com"]
[Source "ChessBase"]
[SourceQuality "1"]
[TimeControl "40/5400+30:1800+30"]

1. e4 e5 2. Nf3 Nc6 3. Nc3 Nf6 4. Bb5 Bd6 5. d3 O-O 6. O-O Re8 7. Bxc6 dxc6 8. Ne2 h6 9. h3 Bf8 10. Nh2 Nh5 11. Ng3 Nxg3 12. fxg3 Qd6 13. g4 f6 14. Be3 c5 15. b3 b5 16. a4 c4 17. h4 cxd3 18. cxd3 bxa4 19. g5 hxg5 20. hxg5 fxg5 21. bxa4 g4 22. Nxg4 Bxg4 23. Qxg4 Re6 24. Rf3 Rg6 25. Qh5 Be7 26. Raf1 Rf8 27. Rf5 Rxf5 28. Rxf5 Rf6 29. Qe8+ Rf8 30. Rxf8+ Bxf8 31. Bxa7 c5 32. Qb5 Qd4+ 33. Kf1 Qe3 34. Qc4+ Kh7 35. Qc2 Be7 36. Qe2 Qf4+ 37. Qf2 Qc1+ 38. Qe1 Qf4+ 39. Ke2 Qg4+ 40. Kf1 Qf4+ 41. Qf2 Qc1+ 42. Qe1 Qf4+ 1/2-1/2

[Event "Romanian Superliga Women 2024"]
[Site "Mamaia"]
[Date "2024.10.01"]
[Round "2.11"]
[White "Sariteanu, Sabina"]
[Black "Dragomirescu, Angela"]
[Result "0-1"]
[ECO "B07"]
[WhiteElo "1815"]
[BlackElo "2100"]
[Annotator "RC"]
[PlyCount "184"]
[EventDate "2024.09.26"]
[EventType "team-tourn"]
[EventCountry "ROU"]
[SourceTitle "playchess.com"]
[Source "ChessBase"]
[SourceQuality "1"]
[TimeControl "40/5400+30:1800+30"]

1. e4 d6 2. d4 Nf6 3. Nc3 e5 4. dxe5 dxe5 5. Qxd8+ Kxd8 6. Bc4 Ke8 7. Nf3 Bd6 8. O-O Nbd7 9. Ng5 Rf8 10. Be3 h6 11. Nf3 c6 12. Rad1 Be7 13. h3 Nh5 14. Rd2 g5 15. Rfd1 a6 16. a4 Nf4 17. Bxf4 gxf4 18. g3 fxg3 19. fxg3 Nb6 20. Bf1 Be6 21. Nxe5 Bf6 22. a5 Bxe5 23. axb6 Bxg3 24. Na4 Bf4 25. Rd3 Rg8+ 26. Kf2 Bg5 27. b3 Bh4+ 28. Ke2 Be7 29. c4 Rg5 30. Kd2 Rd8 31. Rxd8+ Bxd8 32. Kc3 c5 33. b4 cxb4+ 34. Kxb4 a5+ 35. Kb3 Rb5+ 36. Kc2 Rb4 37. Nc5 Bc8 38. e5 Bf5+ 39. Kc3 Rxb6 40. Bg2 Be7 41. Nxb7 Bb4+ 42. Kd4 Bc8 43. Nc5 f6 44. Ne4 fxe5+ 45. Kxe5 Ke7 46. c5 Rg6 47. Bf1 Bb7 48. Nd6 Bc3+ 49. Kf4 Bc6 50. Nf5+ Ke8 51. Bc4 Rg2 52. Nd6+ Kf8 53. Bd5 Rd2 54. Rxd2 Bxd2+ 55. Ke5 Bf4+ 56. Kxf4 Bxd5 57. Ke5 Bc6 58. Nc4 a4 59. Kd6 Bg2 60. h4 Bf1 61. Na3 Kf7 62. c6 Kg6 63. c7 Bh3 64. Nc4 Kh5 65. Nb6 a3 66. Nd7 Bxd7 67. Kxd7 a2 68. c8=Q a1=Q 69. Qf8 Qd4+ 70. Ke6 Qe4+ 71. Kd7 Qb7+ 72. Ke6 Qb3+ 73. Ke5 Qe3+ 74. Kd5 Kxh4 75. Qf1 h5 76. Qh1+ Qh3 77. Qe1+ Qg3 78. Qh1+ Kg5 79. Qc1+ Kg4 80. Qc8+ Kh4 81. Qc4+ Kh3 82. Qc8+ Kh2 83. Qc1 h4 84. Ke4 h3 85. Qd1 Qg2+ 86. Kf5 Qf2+ 87. Kg4 Qg3+ 88. Kf5 Kg2 89. Ke4 h2 90. Qe2+ Kh3 91. Qd1 Qg4+ 92. Qxg4+ Kxg4 0-1

[Event "Romanian Superliga Women 2024"]
[Site "Mamaia"]
[Date "2024.10.01"]
[Round "2.12"]
[White "Maria, Lia-Alexandra"]
[Black "Popovici, Bianca-Andrada-Maria"]
[Result "1-0"]
[ECO "A13"]
[WhiteElo "2001"]
[BlackElo "1533"]
[Annotator "RC"]
[PlyCount "81"]
[EventDate "2024.09.26"]
[EventType "team-tourn"]
[EventCountry "ROU"]
[SourceTitle "playchess.com"]
[Source "ChessBase"]
[SourceQuality "1"]
[TimeControl "40/5400+30:1800+30"]

1. Nf3 d5 2. c4 e6 3. b3 Nf6 4. Bb2 g6 5. g3 Bg7 6. Bg2 c5 7. cxd5 exd5 8. Qc2 Nbd7 9. d4 b6 10. O-O O-O 11. Nc3 Bb7 12. Rfd1 Rc8 13. dxc5 bxc5 14. e3 Nb6 15. Rac1 a6 16. Ne5 Qd6 17. Nc4 Nxc4 18. bxc4 Qc7 19. Nxd5 Nxd5 20. cxd5 Rfd8 21. Bxg7 Kxg7 22. Qb2+ Kg8 23. d6 Rxd6 24. Qxb7 Qxb7 25. Bxb7 Rcd8 26. Rxd6 Rxd6 27. Rxc5 Rb6 28. Bd5 h6 29. Rc7 Rf6 30. e4 Kf8 31. e5 Rf5 32. f4 g5 33. Be4 Rxf4 34. gxf4 gxf4 35. Bd5 Ke8 36. Rxf7 a5 37. e6 a4 38. Bc6+ Kd8 39. Rb7 a3 40. e7+ Kc8 41. e8=R# 1-0

[Event "Romanian Superliga Women 2024"]
[Site "Mamaia"]
[Date "2024.10.03"]
[Round "4.2"]
[White "Fataliyeva, Ulviyya"]
[Black "Trifoi, Mihaela-Ioana"]
[Result "1-0"]
[ECO "D02"]
[WhiteElo "2378"]
[BlackElo "2016"]
[Annotator "RC"]
[PlyCount "63"]
[EventDate "2024.09.26"]
[EventType "team-tourn"]
[EventCountry "ROU"]
[SourceTitle "playchess.com"]
[Source "ChessBase"]
[SourceQuality "1"]
[TimeControl "40/5400+30:1800+30"]

1. d4 d5 2. Bf4 Nf6 3. e3 e6 4. Nf3 Bd6 5. Ne5 O-O 6. Nd2 c5 7. c3 Qc7 8. Bd3 Nc6 9. Ndf3 Nd7 10. Ng5 Nf6 11. Ng4 Ne4 12. Bxd6 Qxd6 13. Bxe4 dxe4 14. Nxe4 Qe7 15. Ne5 Nxe5 16. dxe5 b6 17. Qg4 Kh8 18. O-O-O Bb7 19. Ng3 f5 20. exf6 gxf6 21. e4 Bc6 22. Rd3 Rad8 23. Rhd1 Rxd3 24. Rxd3 Be8 25. Qf4 Kg7 26. h4 h6 27. Nf1 Kh7 28. Nh2 e5 29. Qf5+ Kh8 30. Ng4 Qg7 31. Rd8 h5 32. Nxf6 1-0

[Event "Romanian Superliga Women 2024"]
[Site "Mamaia"]
[Date "2024.10.03"]
[Round "4.7"]
[White "Sariteanu, Sabina"]
[Black "Bitca, Emilia"]
[Result "*"]
[ECO "B47"]
[WhiteElo "1815"]
[BlackElo "1865"]
[Annotator "NA COMBH"]
[PlyCount "100"]
[EventDate "2024.09.26"]
[EventType "team-tourn"]
[EventCountry "ROU"]
[SourceTitle "playchess.com"]
[Source "ChessBase"]
[SourceQuality "1"]
[TimeControl "40/5400+30:1800+30"]

1. e4 c5 2. Nc3 e6 3. Nf3 Nc6 4. d4 cxd4 5. Nxd4 Qc7 6. Ndb5 Qb8 7. a4 a6 8. Na3 Nf6 9. Be3 Bb4 10. Nc4 Nxe4 11. Qg4 Nxc3 12. Qxg7 Nd5+ 13. c3 Rf8 14. cxb4 Nxe3 15. fxe3 Nxb4 16. Rd1 Nd5 17. e4 b5 18. exd5 bxc4 19. d6 Bb7 20. Bxc4 Qd8 21. O-O Qb6+ 22. Kh1 O-O-O 23. a5 Qa7 24. Rd2 Qa8 25. Qxh7 Be4 26. Qh3 Qc6 27. Rc1 Kb8 28. Rc3 Rg8 29. Bd5 Qxc3 30. Qxc3 Bxd5 31. Qc7+ Ka8 32. h3 Bc6 33. Qb6 Bb7 34. Kh2 Rc8 35. b4 Rg5 36. Qe3 Rcg8 37. g4 f5 38. Rd4 fxg4 39. Rxg4 Rxg4 40. hxg4 Rxg4 41. Qb6 Rg8 42. b5 axb5 43. Qxb5 Rg7 44. Kh3 Rf7 45. Kg4 Bf3+ 46. Kg3 Bb7 47. a6 Bc6 48. Qb6 Rf8 49. Qc5 Re8 50. Qh5 {[%emt 0:00:30] 0.00} Rf8 *